 Dungeon Crawl Stone Soup version 0.21.1-74-g47da9253eb (webtiles) character file.

200730 raetorn the Imperceptible (level 18, 0/139 HPs)
             Began as a Vine Stalker Berserker on July 13, 2018.
             Was a High Priest of Trog.
             Slain by Boris (1 damage)
             ... on level 2 of the Depths on Aug 7, 2018.
             The game lasted 01:02:34 (26659 turns).

raetorn the Imperceptible (Vine Stalker Berserker) Turns: 26659, Time: 01:02:35

Health: 0/139      AC: 16    Str: 36    XL:     18   Next: 97%
Magic:  0/39       EV: 18    Int:  5    God:    Trog [*****.]
Gold:   1336       SH:  6    Dex: 22    Spells: 17/17 levels left

rFire    + . .     SeeInvis +   a - +9 quick blade
rCold    + . .     Gourm    .   z - +0 buckler
rNeg     . . .     Faith    .   W - +1 scale mail of the Voivode {rCorr MP+9 SInv}
rPois    +         Spirit   +   u - +2 hat
rElec    .         Reflect  .   t - scarf {cloud immunity}
rCorr    +         Harm     .   l - +0 pair of gloves
MR       +++..                  g - +2 pair of boots {run}
Stlth    ..........             C - amulet of regeneration
HPRegen  1.53/turn              x - ring of the Sky {rPois rC- MR+ Dex+5 Stlth+}
MPRegen  0.26/turn              q - ring of Amarirem {rF+ rC++ Str+3 Int-2 Dex+3}

@: berserking, studying Fighting, drained, very quick
A: fangs 3, regeneration 2, magic shield, antimagic bite, no potion heal 3, rot
immunity
a: Berserk, Trog's Hand, Brothers in Arms, Burn Spellbooks, Renounce Religion


You were on level 2 of the Depths.
You worshipped Trog.
Trog was extremely pleased with you.
You were not hungry.

You visited 4 branches of the dungeon, and saw 26 of its levels.
You also visited: Ice Cave.

You collected 3163 gold pieces.
You spent 1827 gold pieces at shops.

Inventory:

Hand Weapons
 a - a +9 quick blade (weapon)
 U - the +9 short sword "Bidoa" {venom, rC+ rN+++ MR+}
   (You bought it in a shop on level 7 of the Dungeon)

   It poisons the flesh of those it strikes.
   It protects you from cold.
   It renders you almost immune to negative energy.
   It affects your resistance to hostile enchantments.
Missiles
 k - 129 sling bullets
Armour
 g - a +2 pair of boots of running (worn)
 l - a +0 pair of gloves (worn)
 t - a scarf of cloud immunity (worn)
 u - a +2 hat (worn)
 z - a +0 buckler (worn)
 K - the +8 scale mail of Jiykhih {rF+++ Str-2 Int+4}
   (You found it on level 1 of the Lair of Beasts)

   It affects your strength (-2).
   It affects your intelligence (+4).
   It renders you almost immune to fire.
 W - the +1 scale mail of the Voivode (worn) {rCorr MP+9 SInv}
   (You found it on level 2 of the Depths)

   It affects your magic capacity (+9).
   It lets you see invisible.
   It protects you from acid and corrosion.
Jewellery
 q - the ring of Amarirem (right hand) {rF+ rC++ Str+3 Int-2 Dex+3}
   (You found it on level 5 of the Lair of Beasts)

   [ring of strength]

   It affects your strength (+3).
   It affects your intelligence (-2).
   It affects your dexterity (+3).
   It protects you from fire.
   It greatly protects you from cold.
 s - an uncursed ring of poison resistance
 x - the ring of the Sky (left hand) {rPois rC- MR+ Dex+5 Stlth+}
   (You found it on level 1 of the Depths)

   [ring of protection from magic]

   It affects your dexterity (+5).
   It makes you vulnerable to cold.
   It protects you from poison.
   It affects your resistance to hostile enchantments.
   It makes you more stealthy.
 C - an amulet of regeneration (around neck)
 P - the cursed necklace of Bloodlust {*Rage +Rage MR++ Int-3 Slay+6 *Curse}
   (You found it on level 3 of the Depths)

   [amulet of rage]

   It affects your intelligence (-3).
   It affects your accuracy and damage with ranged weapons and melee attacks
   (+6).
   It affects your resistance to hostile enchantments.
   It lets you go berserk.
   It may make you go berserk in combat.
   It curses itself when equipped.
   It has a curse placed upon it.
Wands
 b - a wand of iceblast (32)
 H - a wand of acid (23)
 M - a wand of random effects (53)
 N - a wand of polymorph (29)
 Q - a wand of flame (30)
 R - a wand of enslavement (13)
 S - a wand of paralysis (9)
Scrolls
 d - 18 scrolls of remove curse
 e - 10 scrolls of teleportation
 j - 6 scrolls of immolation
 p - 3 scrolls of magic mapping
 v - 3 scrolls of enchant armour
 w - 2 scrolls of enchant weapon
 y - 4 scrolls of silence
 A - 7 scrolls of fog
 J - a scroll of identify
 L - 2 scrolls of summoning
 O - 2 scrolls of blinking
 V - a scroll of fear
 X - 2 scrolls of holy word
Potions
 f - 2 potions of resistance
 i - 3 potions of lignification
 m - 2 potions of mutation
 n - 8 potions of curing
 o - 2 potions of haste
 r - 2 potions of cancellation
 B - a potion of agility
 D - 2 potions of magic
 F - 2 potions of brilliance
 T - 4 potions of might
 Z - a potion of flight {unknown}
Books
 E - a manual of Fighting
Miscellaneous
 h - a lightning rod (3/4)
 G - a fan of gales
 I - a phantom mirror
 Y - a crystal ball of energy
Comestibles
 c - 29 rations


   Skills:
 + Level 9.9(9.6) Fighting
 - Level 14.4(14.0) Short Blades
 + Level 8.8(8.5) Armour
 + Level 8.7(8.4) Dodging
 + Level 23.0(22.6) Stealth
 + Level 5.9(5.6) Shields
 + Level 14.7(14.3) Evocations


You had 17 spell levels left.
You didn't know any spells.

Dungeon Overview and Level Annotations

Branches:
Dungeon (15/15)            Temple (0/1) D:7            Lair (6/6) D:10
 Shoals (0/4) Lair:2       Spider (0/4) Lair:4        Slime (0/5) Lair:5
    Orc (2/2) D:12            Elf (0/3) Orc:2        Vaults (0/5) D:14
 Depths (3/5) D:15

Altars:
Ashenzari
Cheibriados
Dithmenos
Elyvilon
Fedhas
Kikubaaqudgha
Makhleb
Okawaru
Qazlal
Ru
Sif Muna
Trog
Uskayaw
Vehumet
Xom
Yredelemnul
Beogh
Lugonu

Shops:
D:7 (*([:   D:11 (   D:15 ![   Orc:2 }*((   Depths:1 =}=

Portals:
Hell: Depths:1 Depths:2 Depths:3
Abyss: Depths:1 Depths:2
Pandemonium: Depths:3

Annotations:
Depths:2 Boris


Innate Abilities, Weirdness & Mutations

You have razor-sharp teeth.
You heal very quickly.
When hurt, damage is shared between your health and your magic reserves.
Your bite disrupts and absorbs the magic of your enemies.
Potions cannot restore your health.
You are immune to rotting.


Message History

Boris is lightly damaged.
Boris launches a ball of destructive magic.
The wavering orb of destruction weakly hits you!
You block the fire dragon's attack. The fire dragon claws you!
* * * LOW HITPOINT WARNING * * *
The fire dragon closely misses you. Boris casts a spell at you.
The iron shot hits you!
* * * LOW HITPOINT WARNING * * *
You climb upwards.
There is a stone staircase leading down here.
A red film seems to cover your vision as you go berserk!
You feel yourself moving faster!
You feel mighty!
You feel a lot more hungry. The fire dragon bites you!
* * * LOW HITPOINT WARNING * * *
The fire dragon closely misses you. The fire dragon barely misses you.
Boris closely misses you. Boris touches you.
* * * LOW HITPOINT WARNING * * *
You feel drained.
You die...

#..........# #.
#..........# #.
#..........# #.
############ #)
#################[
#....††)†)††......
##(############.##.
#....÷......# #.##.
#.@L÷...###'###.##.
#.D....##≈...≈####.
#......#≈.....≈# #.
#......#.......###.
#......#...∩...#...
#......#.....§§#.##
#......#≈...§§≈#.##
#######......##≈...§##.#.
#.............#######.(#[


You could see Boris and a fire dragon.

Vanquished Creatures
  A juggernaut (Depths:3)
  Jorgrun (Depths:2)
  A tentacled monstrosity (Depths:2)
  Rupert (Lair:3)
  2 liches
  Gastronok (Lair:3)
  A tengu reaver (Depths:3)
  2 frost giants
  A deep elf sorcerer (Depths:3)
  4 fire giants
  An orc warlord (Orc:1)
  10 very ugly things (Depths:2)
  A vampire knight (Depths:3)
  8 stone giants
  3 dire elephants (Lair:6)
  5 fire dragons
  4 ettins
  4 great orbs of eyes
  4 yaktaur captains
  Fannar (Lair:3)
  3 rakshasas
  A monstrous demonspawn (Depths:3)
  3 ice dragons
  10 hydras
  A spriggan air mage (Depths:3)
  8 centaur warriors
  A death knight (D:15)
  33 two-headed ogres
  An anaconda (Lair:6)
  4 deep troll shamans
  An orc high priest (Orc:1)
  A vampire mage (Depths:2)
  8 ogre magi
  6 deep troll earth magi
  6 death yaks
  4 hell hogs (Depths:2)
  4 spriggan berserkers
  Urug (Lair:4)
  2 iron trolls (Depths:3)
  A spark wasp zombie (Depths:3)
  A glowing orange brain (Depths:3)
  An unseen horror (D:11)
  A torturous demonspawn (Depths:3)
  3 wizards
  12 deep trolls
  5 orc knights
  An orb spider (Lair:4)
  A frost giant zombie (Depths:3)
  An oklob plant (Lair:2)
  25 ugly things
  A shadow dragon skeleton (Depths:3)
  An orc sorcerer (Orc:1)
  A deep elf mage (D:13)
  2 necromancers
  2 cyclopes
  14 elephants
  4 moths of wrath (Depths:3)
  3 ice statues
  7 black mambas
  A torpor snail (Lair:4)
  A merfolk siren (Lair:2)
  6 spiny frogs
  A smoke demon (Depths:3)
  3 centaur skeletons
  A spiny frog (shapeshifter) (Depths:1)
  A rime drake (Lair:6)
  6 kobold demonologists
  A hellion (Depths:3)
  An efreet (D:14)
  4 freezing wraiths
  8 komodo dragons
  11 yaktaurs
  8 ice devils (IceCv)
  3 trolls
  A silent spectre (Depths:3)
  5 polar bears (Lair:5)
  A hornet (Depths:2)
  6 blink frogs
  Prince Ribbit (D:7)
  25 slime creatures
  5 dream sheep (Lair:6)
  11 hippogriffs
  A shadow (D:15)
  2 air elementals (Depths:3)
  A redback (D:14)
  A spriggan (Depths:2)
  37 yaks
  A hog (shapeshifter) (D:13)
  3 water elementals (Depths:1)
  8 wyverns
  A wraith (D:15)
  2 hungry ghosts
  17 humans
  7 vampire mosquitoes (D:12)
  A neqoxec (Depths:3)
  3 basilisks
  An acid dragon (D:15)
  A soldier ant (D:12)
  3 wargs (Orc:1)
  15 water moccasins
  15 porcupines
  6 hell hounds (Depths:2)
  19 orc warriors
  2 sky beasts
  A hornet zombie (D:14)
  A swamp drake (D:10)
  47 ogres
  2 phantoms
  An eye of draining (D:14)
  10 ice beasts
  A necrophage (D:9)
  21 wolves
  2 boggarts (Depths:2)
  14 centaurs
  12 crocodiles
  4 big kobolds
  A gnoll sergeant (Orc:2)
  10 bullfrogs
  5 scorpions
  6 killer bees (D:10)
  13 wights
  3 electric eels
  6 howler monkeys
  8 crimson imps
  A draconian simulacrum (IceCv)
  7 jellies
  A quasit (D:8)
  7 orc priests
  8 hounds
  2 bullfrog skeletons
  3 iguanas
  14 orc wizards
  Natasha (thrice) (D:3)
  14 worker ants
  4 troll simulacra (IceCv)
  A spriggan simulacrum (IceCv)
  A centaur simulacrum (IceCv)
  3 hound zombies
  A hound skeleton (D:5)
  A howler monkey zombie (D:8)
  A worker ant zombie (D:5)
  Robin (D:3)
  6 gnolls
  A howler monkey skeleton (D:7)
  7 adders
  3 ogre simulacra (IceCv)
  2 shadow imps
  2 white imps (Lair:5)
  3 oozes (Lair:5)
  2 worms (D:2)
  2 dart slugs
  5 leopard geckos
  93 orcs
  A ball python (D:2)
  5 bats
  A bat zombie (D:2)
  5 giant cockroaches
  22 goblins
  14 hobgoblins
  12 jackals
  4 quokkas
  2 frilled lizards
  22 kobolds
  A quokka skeleton (D:5)
  A quokka zombie (D:9)
  5 rats
  A rat zombie (D:2)
  4 plants (Lair:6)
966 creatures vanquished.

Vanquished Creatures (collateral kills)
  An orc warlord (Orc:1)
  3 dire elephants (Lair:6)
  An orc sorcerer (Orc:1)
  3 orc warriors (Orc:1)
  2 orc priests (Orc:1)
  2 orc wizards (Orc:1)
  2 orcs (Orc:1)
14 creatures vanquished.

Vanquished Creatures (others)
  A hell hog (Depths:2)
  2 boggarts (Depths:2)
  A kobold (D:11)
  6 fungi
  7 plants
17 creatures vanquished.

Grand Total: 997 creatures vanquished

Notes
Turn   | Place    | Note
-------+----------+-------------------------------------------
     0 | D:1      | raetorn the Vine Stalker Berserker began the quest for the Orb.
     0 | D:1      | Reached XP level 1. HP: 11/11 MP: 2/2
    14 | D:1      | HP: 10/11 [kobold/whip (1)]
    21 | D:1      | HP: 7/11 [kobold/short sword of flaming (3)]
    29 | D:1      | HP: 4/11 [goblin (2)]
    55 | D:1      | Reached skill level 1 in Stealth
   473 | D:1      | Reached XP level 2. HP: 16/16 MP: 1/3
   541 | D:1      | HP: 14/16 [kobold (2)]
   552 | D:1      | HP: 14/16 [jackal (1)]
   768 | D:1      | HP: 15/16 [leopard gecko (1)]
   978 | D:1      | HP: 15/16 [kobold/short sword (1)]
   986 | D:1      | HP: 10/16 [giant cockroach (1)]
  1084 | D:1      | Reached XP level 3. HP: 18/19 MP: 4/4
  1148 | D:1      | Reached skill level 2 in Stealth
  1255 | D:2      | HP: 18/19 [quokka (1)]
  1309 | D:2      | HP: 18/19 [jackal (1)]
  1321 | D:2      | HP: 17/19 [jackal (1)]
  1328 | D:2      | Reached ** piety under Trog
  1342 | D:2      | HP: 15/19 [kobold (1)]
  1407 | D:2      | HP: 17/19 [bat (1)]
  1420 | D:2      | HP: 16/19 [goblin/dagger (2)]
  1519 | D:2      | Found a hide-covered altar of Uskayaw.
  1522 | D:2      | HP: 13/19 [giant cockroach (2)]
  1524 | D:2      | Gained mutation: Your natural rate of healing is unusually fast. [Vine Stalker growth]
  1524 | D:2      | Reached XP level 4. HP: 16/23 MP: 3/5
  1585 | D:2      | Found an ancient bone altar of Kikubaaqudgha.
  1633 | D:2      | HP: 21/23 [goblin (2)]
  1835 | D:3      | Noticed Natasha
  1839 | D:3      | HP: 19/23 [Natasha (4)]
  1841 | D:3      | Killed Natasha
  1870 | D:3      | HP: 22/23 [poisoned by a kobold]
  1876 | D:3      | HP: 22/23 [poisoned by a kobold]
  1884 | D:3      | HP: 22/23 [poisoned by a kobold]
  1931 | D:3      | Reached skill level 3 in Stealth
  1932 | D:3      | HP: 22/23 [gnoll/spear (1)]
  1934 | D:3      | HP: 8/23 [gnoll/spear (6)]
  1952 | D:3      | HP: 24/34 [gnoll/spear (1)]
  1954 | D:3      | Reached XP level 5. HP: 27/27 MP: 2/6
  2019 | D:3      | HP: 22/27 [goblin/stone (5)]
  2031 | D:3      | Noticed Natasha
  2036 | D:3      | HP: 23/27 [Natasha (4)]
  2041 | D:3      | HP: 13/27 [Natasha (6)]
  2043 | D:3      | Killed Natasha
  2063 | D:3      | HP: 33/40 [goblin[Robin] (1)]
  2069 | D:3      | HP: 32/40 [goblin/club[Robin] (1)]
  2078 | D:3      | HP: 25/40 [goblin/club[Robin] (2)]
  2079 | D:3      | Noticed Robin
  2082 | D:3      | Reached *** piety under Trog
  2087 | D:3      | Killed Robin
  2197 | D:3      | HP: 25/27 [hobgoblin/club (2)]
  2223 | D:3      | HP: 25/27 [hobgoblin (2)]
  2247 | D:3      | Noticed Natasha
  2250 | D:3      | HP: 25/27 [Natasha (2)]
  2255 | D:3      | HP: 19/27 [Natasha/magic dart (1)]
  2258 | D:3      | Killed Natasha
  2258 | D:3      | Reached skill level 5 in Short Blades
  2341 | D:3      | HP: 25/27 [goblin/dagger of draining (2)]
  2350 | D:3      | HP: 19/40 [goblin (1)]
  2354 | D:3      | Reached XP level 6. HP: 22/32 MP: 3/7
  2356 | D:3      | HP: 19/48 [hobgoblin/club (2)]
  2567 | D:4      | HP: 27/32 [worker ant (5)]
  2572 | D:4      | Reached skill level 4 in Stealth
  2573 | D:4      | HP: 23/32 [jackal (1)]
  2631 | D:4      | Found a sacrificial altar of Ru.
  2635 | D:4      | Found a white marble altar of Elyvilon.
  2646 | D:4      | HP: 28/32 [worker ant (4)]
  2657 | D:4      | HP: 29/32 [scorpion (2)]
  2664 | D:4      | HP: 23/32 [scorpion (7)]
  2670 | D:4      | Found a deep blue altar of Sif Muna.
  2670 | D:4      | Found a stormy altar of Qazlal.
  2682 | D:4      | HP: 30/32 [leopard gecko (1)]
  2794 | D:4      | HP: 30/32 [ogre/giant club (2)]
  2799 | D:4      | Reached skill level 5 in Stealth
  2799 | D:4      | Reached XP level 7. HP: 26/35 MP: 6/8
  2799 | D:4      | HP: 23/35 [iguana (3)]
  2805 | D:4      | HP: 14/35 [iguana (10)]
  2815 | D:4      | HP: 16/35 [iguana (3)]
  2823 | D:4      | HP: 11/35 [iguana (9)]
  2832 | D:4      | HP: 4/35 [iguana (11)]
  2859 | D:4      | Reached **** piety under Trog
  2968 | D:4      | HP: 31/35 [scorpion (4)]
  3005 | D:4      | HP: 32/35 [orc/hand axe (3)]
  3061 | D:4      | HP: 10/35 [ogre/giant spiked club (25)]
  3077 | D:4      | HP: 7/52 [ogre/giant spiked club (19)]
  3283 | D:5      | Entered Level 5 of the Dungeon
  3284 | D:5      | Reached skill level 6 in Stealth
  3295 | D:5      | HP: 31/35 [acid (4)]
  3351 | D:5      | HP: 22/35 [ogre/giant club (13)]
  3370 | D:5      | HP: 30/35 [worker ant zombie (1)]
  3377 | D:5      | HP: 30/35 [worker ant zombie (3)]
  3424 | D:5      | HP: 29/35 [gnoll/spear (6)]
  3426 | D:5      | Gained mutation: You have razor-sharp teeth. [Vine Stalker growth]
  3426 | D:5      | Reached XP level 8. HP: 31/39 MP: 9/9
  3430 | D:5      | HP: 27/39 [worker ant (3)]
  3435 | D:5      | HP: 25/39 [poisoned by a worker ant]
  3442 | D:5      | HP: 21/39 [poisoned by a worker ant]
  3449 | D:5      | HP: 17/39 [poisoned by a worker ant]
  3457 | D:5      | HP: 18/39 [poisoned by a worker ant]
  3499 | D:4      | HP: 33/39 [jackal (1)]
  3562 | D:5      | HP: 36/39 [worker ant (3)]
  3567 | D:5      | HP: 33/39 [worker ant (3)]
  3572 | D:5      | HP: 33/39 [poisoned by a worker ant]
  3580 | D:5      | HP: 35/39 [poisoned by a worker ant]
  3598 | D:5      | Reached skill level 7 in Stealth
  3601 | D:5      | HP: 38/39 [gnoll/whip (1)]
  3635 | D:5      | HP: 36/39 [ogre/giant club (3)]
  3640 | D:5      | HP: 31/39 [ogre/giant club (7)]
  3674 | D:5      | HP: 36/39 [orc/tomahawk (3)]
  3689 | D:5      | Found an iron altar of Okawaru.
  3773 | D:5      | Found a shimmering altar of Xom.
  3775 | D:5      | Found a shimmering altar of Xom.
  3900 | D:5      | HP: 33/39 [ice beast (6)]
  4016 | D:6      | HP: 36/39 [ogre/giant club (3)]
  4021 | D:6      | Reached skill level 8 in Stealth
  4213 | D:6      | HP: 38/39 [worker ant (1)]
  4219 | D:6      | HP: 37/39 [poisoned by a worker ant]
  4226 | D:6      | HP: 37/39 [poisoned by a worker ant]
  4233 | D:6      | HP: 38/39 [poisoned by a worker ant]
  4242 | D:6      | HP: 38/39 [poisoned by a worker ant]
  4250 | D:6      | HP: 37/39 [ice beast (2)]
  4251 | D:6      | HP: 16/39 [ice beast (11)]
  4256 | D:6      | HP: 15/39 [ice beast (3)]
  4268 | D:6      | HP: 14/39 [ice beast (2)]
  4268 | D:6      | HP: 6/39 [ice beast (8)]
  4273 | D:6      | Reached skill level 9 in Stealth
  4423 | D:6      | Found a shadowy altar of Dithmenos.
  4744 | D:6      | HP: 30/39 [orc warrior/morningstar (9)]
  4748 | D:6      | Reached XP level 9. HP: 43/43 MP: 10/10
  5087 | D:7      | Found a burning altar of Makhleb.
  5091 | D:7      | Reached skill level 1 in Shields
  5093 | D:7      | Found a shattered altar of Ashenzari.
  5119 | D:7      | Found a staircase to the Ecumenical Temple.
  5133 | D:7      | Reached ***** piety under Trog
  5142 | D:7      | HP: 42/43 [acid (1)]
  5180 | D:7      | HP: 42/43 [phantom (1)]
  5185 | D:7      | Reached skill level 1 in Evocations
  5199 | D:7      | HP: 39/43 [acid (4)]
  5204 | D:7      | HP: 30/43 [electric eel/bolt of electricity (3)]
  5250 | D:7      | HP: 36/43 [electric eel/bolt of electricity (7)]
  5286 | D:7      | HP: 40/43 [hound (3)]
  5300 | D:7      | Found a blossoming altar of Fedhas.
  5366 | D:7      | Found Soimurcha's Armour Boutique.
  5388 | D:7      | Noticed Prince Ribbit
  5389 | D:7      | Killed Prince Ribbit
  5395 | D:7      | Found Hylehy's General Store.
  5402 | D:7      | Found Foobo's Antique Weapon Boutique.
  5412 | D:7      | Bought a polished dagger for 217 gold pieces
  5412 | D:7      | Identified the cursed +3 dagger of the Several Spirits {venom, *Slow rF+ Int+4} (You bought it in a shop on level 7 of the Dungeon)
  5422 | D:7      | Found a radiant altar of Vehumet.
  5425 | D:7      | Found a basalt altar of Yredelemnul.
  5460 | D:7      | Found Vetsupn's Weapon Emporium.
  5487 | D:7      | Found Himp's Book Shop.
  5493 | D:7      | HP: 39/43 [hound zombie (4)]
  5691 | D:8      | HP: 39/43 [ogre/giant club (4)]
  5715 | D:8      | HP: 35/43 [wight/enchanted scimitar (8)]
  5724 | D:8      | Reached skill level 10 in Stealth
  5725 | D:8      | HP: 25/43 [wight/halberd (8)]
  5760 | D:8      | HP: 41/43 [quasit (2)]
  5765 | D:8      | HP: 40/43 [quasit (1)]
  5786 | D:8      | Noticed a troll
  5788 | D:8      | HP: 34/43 [troll (9)]
  5793 | D:8      | HP: 17/43 [troll (6)]
  5793 | D:8      | HP: 6/43 [troll (6)]
  5812 | D:8      | HP: 20/43 [troll (5)]
  5824 | D:8      | HP: 35/43 [troll (7)]
  5830 | D:8      | Killed a troll
  5882 | D:8      | HP: 40/43 [sky beast (3)]
  5888 | D:8      | HP: 30/43 [something (5)]
  5897 | D:8      | HP: 34/43 [something (2)]
  5911 | D:8      | HP: 37/43 [bullfrog (3)]
  5918 | D:8      | HP: 35/43 [bullfrog (1)]
  5926 | D:8      | Reached XP level 10. HP: 39/47 MP: 13/13
  5996 | D:8      | HP: 41/47 [human/rapier (6)]
  6042 | D:8      | Noticed a two-headed ogre
  6045 | D:8      | HP: 30/47 [two-headed ogre/giant spiked club (17)]
  6046 | D:8      | HP: 14/47 [two-headed ogre/giant spiked club (17)]
  6062 | D:8      | HP: 58/70 [two-headed ogre/giant spiked club (1)]
  6068 | D:8      | Killed a two-headed ogre
  6105 | D:8      | HP: 45/47 [howler monkey (2)]
  6138 | D:8      | HP: 46/47 [adder (1)]
  6140 | D:8      | Reached skill level 11 in Stealth
  6176 | D:8      | HP: 46/47 [ice beast (1)]
  6180 | D:8      | HP: 19/47 [ice beast (11)]
  6365 | D:8      | HP: 43/47 [orc wizard/puff of frost (4)]
  6371 | D:8      | HP: 45/47 [orc warrior/hand axe (2)]
  6382 | D:8      | HP: 37/47 [orc warrior/hand axe (6)]
  6387 | D:8      | HP: 40/47 [something (1)]
  6392 | D:8      | HP: 39/47 [something (2)]
  6431 | D:8      | HP: 46/47 [orc/falchion (1)]
  6439 | D:8      | HP: 46/47 [orc (1)]
  6446 | D:8      | HP: 45/47 [orc/trident (2)]
  6697 | D:9      | HP: 45/47 [necrophage (2)]
  6794 | D:9      | HP: 37/47 [wight/halberd (10)]
  6800 | D:9      | HP: 40/47 [wight/flail (2)]
  6808 | D:9      | HP: 45/47 [wight/enchanted trident (1)]
  6896 | D:9      | HP: 42/47 [hippogriff (5)]
  6965 | D:9      | HP: 38/47 [orc warrior/short sword (9)]
  6970 | D:9      | HP: 26/47 [orc priest/club (2)]
  6978 | D:9      | HP: 20/47 [orc/mace (5)]
  6980 | D:9      | HP: 9/47 [orc warrior/short sword (10)]
  6988 | D:9      | HP: 11/47 [orc warrior/short sword (10)]
  7198 | D:9      | HP: 41/47 [water moccasin (6)]
  7203 | D:9      | HP: 38/47 [water moccasin (3)]
  7211 | D:10     | Entered Level 10 of the Dungeon
  7223 | D:10     | HP: 37/47 [yak (10)]
  7228 | D:10     | Reached skill level 10 in Short Blades
  7228 | D:10     | Reached skill level 5 in Evocations
  7230 | D:10     | HP: 25/47 [yak (10)]
  7235 | D:10     | HP: 20/47 [bullfrog (2)]
  7241 | D:10     | HP: 18/47 [yak (9)]
  7260 | D:10     | HP: 33/47 [yak (5)]
  7265 | D:10     | HP: 23/47 [yak (9)]
  7273 | D:10     | HP: 33/47 [kobold/short sword (1)]
  7278 | D:10     | HP: 38/47 [kobold/short sword (1)]
  7301 | D:10     | HP: 46/47 [kobold (1)]
  7598 | D:10     | HP: 42/47 [killer bee (5)]
  7603 | D:10     | HP: 36/47 [poisoned by a killer bee]
  7606 | D:10     | Reached skill level 12 in Stealth
  7608 | D:10     | HP: 31/47 [poisoned by a killer bee]
  7615 | D:10     | HP: 35/47 [poisoned by a killer bee]
  7622 | D:10     | HP: 40/47 [poisoned by a killer bee]
  7630 | D:10     | HP: 45/47 [poisoned by a killer bee]
  7635 | D:10     | Noticed a two-headed ogre
  7647 | D:10     | HP: 46/47 [killer bee (1)]
  7653 | D:10     | HP: 45/47 [killer bee (2)]
  7657 | D:10     | Killed a two-headed ogre
  7657 | D:10     | Reached XP level 11. HP: 51/51 MP: 16/16
  7724 | D:10     | HP: 48/51 [killer bee (3)]
  7802 | D:10     | Found a snail-covered altar of Cheibriados.
  7813 | D:10     | HP: 50/51 [hound (1)]
  7820 | D:10     | HP: 49/51 [hungry ghost (2)]
  8216 | D:10     | HP: 50/51 [jackal (1)]
  8221 | D:10     | HP: 50/51 [orc/tomahawk (1)]
  8238 | D:10     | HP: 42/51 [orc/trident of protection (9)]
  8263 | D:10     | HP: 49/51 [basilisk (2)]
  8318 | D:10     | HP: 46/51 [phantom (5)]
  8365 | D:10     | Found a staircase to the Lair.
  8530 | D:11     | HP: 49/51 [hippogriff (2)]
  8536 | D:11     | HP: 41/51 [hippogriff (3)]
  8556 | D:11     | Found Wiv Ovub's Antique Weapon Emporium.
  8590 | D:11     | HP: 50/51 [big kobold (1)]
  8600 | D:11     | HP: 74/76 [quasit[a kobold demonologist] (1)]
  8606 | D:11     | HP: 67/76 [kobold/dagger (2)]
  8612 | D:11     | HP: 65/76 [ice devil[a kobold demonologist] (3)]
  8670 | D:11     | HP: 49/51 [orc/short sword of venom (2)]
  8676 | D:11     | HP: 18/51 [wyvern (11)]
  8701 | D:11     | HP: 48/51 [orc/morningstar (3)]
  8793 | D:11     | HP: 43/51 [slime creature (8)]
  8804 | D:11     | HP: 40/51 [slime creature (11)]
  8809 | D:11     | Reached skill level 13 in Stealth
  8810 | D:11     | HP: 21/51 [slime creature (7)]
  8822 | D:11     | HP: 28/51 [slime creature (4)]
  8905 | D:11     | HP: 48/51 [worker ant (3)]
  8951 | D:11     | HP: 49/51 [hound zombie (2)]
  8960 | D:11     | HP: 49/51 [hippogriff (2)]
  8971 | D:11     | HP: 49/51 [acid (2)]
  8976 | D:11     | HP: 46/51 [poisoned by a worker ant]
  8982 | D:11     | HP: 44/51 [poisoned by a worker ant]
  8987 | D:11     | HP: 47/51 [poisoned by a worker ant]
  8994 | D:11     | HP: 50/51 [poisoned by a worker ant]
  9002 | D:11     | HP: 50/51 [poisoned by a worker ant]
  9041 | D:11     | HP: 50/51 [worker ant (1)]
  9105 | D:11     | Noticed a two-headed ogre
  9105 | D:11     | Noticed a two-headed ogre
  9110 | D:11     | HP: 40/51 [two-headed ogre/giant spiked club (11)]
  9121 | D:11     | Killed a two-headed ogre
  9122 | D:11     | HP: 45/76 [two-headed ogre/giant club (2)]
  9125 | D:11     | Killed a two-headed ogre
  9148 | D:11     | HP: 49/51 [something (2)]
  9153 | D:11     | HP: 49/51 [something (2)]
  9158 | D:11     | HP: 38/51 [something (7)]
  9166 | D:11     | HP: 24/51 [something (1)]
  9168 | D:11     | Killed an unseen horror
  9168 | D:11     | Gained mutation: You heal very quickly. [Vine Stalker growth]
  9168 | D:11     | Reached XP level 12. HP: 27/56 MP: 15/18
  9426 | D:12     | HP: 53/56 [centaur (3)]
  9431 | D:12     | HP: 35/56 [centaur (5)]
  9436 | D:12     | HP: 31/56 [centaur (1)]
  9441 | D:12     | HP: 23/56 [centaur (3)]
  9446 | D:12     | HP: 16/56 [centaur (1)]
  9508 | D:12     | HP: 27/56 [cyclops/large rock (29)]
  9518 | D:12     | HP: 40/56 [cyclops/large rock (2)]
  9523 | D:12     | HP: 28/56 [cyclops (20)]
  9545 | D:12     | HP: 52/56 [red ugly thing (4)]
  9550 | D:12     | HP: 39/56 [red ugly thing (9)]
  9563 | D:12     | Reached skill level 14 in Stealth
  9608 | D:12     | HP: 50/56 [hippogriff (6)]
  9850 | Lair:1   | Entered Level 1 of the Lair of Beasts
  9876 | Lair:1   | HP: 47/56 [black mamba (9)]
  9881 | Lair:1   | HP: 33/56 [black mamba (4)]
  9946 | Lair:1   | HP: 46/56 [porcupine's spines (10)]
  9996 | Lair:1   | HP: 48/56 [porcupine's spines (8)]
 10008 | Lair:1   | HP: 46/56 [water moccasin (3)]
 10013 | Lair:1   | HP: 44/56 [poisoned by a water moccasin]
 10018 | Lair:1   | HP: 46/56 [poisoned by a water moccasin]
 10023 | Lair:1   | HP: 42/56 [poisoned by a water moccasin]
 10029 | Lair:1   | Received a gift from Trog
 10029 | Lair:1   | HP: 45/56 [poisoned by a water moccasin]
 10034 | Lair:1   | Got an encrusted scale mail
 10036 | Lair:1   | HP: 51/56 [poisoned by a water moccasin]
 10043 | Lair:1   | HP: 55/56 [poisoned by a water moccasin]
 10045 | Lair:1   | Identified the +8 scale mail of Jiykhih {rF+++ Str-2 Int+4} (You found it on level 1 of the Lair of Beasts)
 10051 | Lair:1   | HP: 55/56 [poisoned by a water moccasin]
 10315 | Lair:1   | HP: 55/56 [komodo dragon (1)]
 10361 | Lair:1   | HP: 52/56 [komodo dragon (4)]
 10529 | Lair:2   | HP: 48/56 [crocodile (8)]
 10776 | Lair:2   | HP: 54/56 [water moccasin (2)]
 10828 | Lair:2   | HP: 53/56 [wolf (3)]
 10833 | Lair:2   | HP: 52/56 [wolf (4)]
 10838 | Lair:2   | HP: 42/56 [wolf (4)]
 10844 | Lair:2   | HP: 43/56 [wolf (3)]
 10850 | Lair:2   | HP: 43/56 [wolf (1)]
 10855 | Lair:2   | HP: 32/56 [wolf (2)]
 10860 | Lair:2   | HP: 16/56 [wolf (7)]
 10866 | Lair:2   | HP: 22/56 [wolf (1)]
 10878 | Lair:2   | HP: 30/56 [wolf (2)]
 10890 | Lair:2   | HP: 41/56 [wolf (2)]
 10901 | Lair:2   | HP: 51/56 [wolf (2)]
 10909 | Lair:2   | HP: 38/56 [wolf (6)]
 11003 | Lair:2   | Found a staircase to the Shoals.
 11036 | Lair:2   | Noticed a seven-headed hydra
 11046 | Lair:2   | HP: 47/56 [seven-headed hydra (9)]
 11050 | Lair:2   | HP: 23/56 [seven-headed hydra (1)]
 11051 | Lair:2   | Killed a seven-headed hydra
 11063 | Lair:2   | HP: 32/56 [komodo dragon (3)]
 11158 | Lair:2   | HP: 46/56 [black mamba (10)]
 11171 | Lair:2   | Noticed an eight-headed hydra
 11180 | Lair:2   | HP: 83/84 [eight-headed hydra (1)]
 11182 | Lair:2   | Killed an eight-headed hydra
 11182 | Lair:2   | Reached skill level 15 in Stealth
 11285 | Lair:2   | HP: 55/56 [porcupine (1)]
 11662 | Lair:3   | Noticed Fannar
 11666 | Lair:3   | Killed Fannar
 11678 | Lair:3   | HP: 48/56 [porcupine's spines (8)]
 11727 | Lair:3   | HP: 45/56 [porcupine's spines (11)]
 11738 | Lair:3   | HP: 50/56 [wolf (6)]
 11744 | Lair:3   | HP: 45/56 [wolf (6)]
 11750 | Lair:3   | Reached XP level 13. HP: 48/59 MP: 16/21
 11751 | Lair:3   | HP: 46/59 [wolf (3)]
 11763 | Lair:3   | HP: 51/59 [elephant (1)]
 11775 | Lair:3   | HP: 54/59 [wolf (5)]
 11796 | Lair:3   | HP: 53/59 [crocodile (6)]
 11812 | Lair:3   | HP: 45/59 [komodo dragon (14)]
 11877 | Lair:3   | HP: 56/59 [porcupine's spines (3)]
 11934 | Lair:3   | HP: 57/59 [crocodile (2)]
 11963 | Lair:3   | Noticed Gastronok
 11967 | Lair:3   | Killed Gastronok
 11977 | Lair:3   | HP: 52/59 [spiny frog (7)]
 12111 | Lair:3   | Noticed Rupert
 12124 | Lair:3   | HP: 35/59 [Rupert/great mace of crushing (24)]
 12131 | Lair:3   | HP: 25/88 [Rupert/great mace of crushing (12)]
 12133 | Lair:3   | HP: 11/88 [Rupert/great mace of crushing (13)]
 12138 | Lair:3   | HP: 1/88 [Rupert/great mace of crushing (12)]
 12142 | Lair:3   | Killed Rupert
 12142 | Lair:3   | Reached skill level 10 in Evocations
 12255 | Lair:3   | HP: 57/59 [eight-headed hydra (2)]
 12264 | Lair:3   | HP: 55/59 [eight-headed hydra (4)]
 12274 | Lair:3   | HP: 43/59 [eight-headed hydra (3)]
 12286 | Lair:3   | HP: 49/59 [elephant (2)]
 12297 | Lair:3   | HP: 53/59 [elephant (3)]
 12299 | Lair:3   | Reached skill level 16 in Stealth
 12396 | Lair:3   | HP: 57/59 [elephant (2)]
 12402 | Lair:3   | HP: 49/59 [elephant (10)]
 12408 | Lair:3   | HP: 51/59 [elephant (3)]
 12434 | Lair:3   | HP: 58/59 [eight-headed hydra (1)]
 12438 | Lair:3   | HP: 25/59 [eight-headed hydra (4)]
 12447 | Lair:3   | HP: 35/59 [eight-headed hydra (2)]
 12456 | Lair:3   | HP: 43/59 [blink frog (3)]
 12461 | Lair:3   | HP: 47/59 [blink frog (1)]
 12904 | Lair:4   | HP: 57/59 [spiny frog (2)]
 12913 | Lair:4   | HP: 35/59 [spiny frog (14)]
 12941 | Lair:4   | HP: 56/59 [wyvern (3)]
 12950 | Lair:4   | HP: 56/59 [wyvern (1)]
 12955 | Lair:4   | HP: 50/59 [wyvern (1)]
 12962 | Lair:4   | HP: 49/59 [yak (6)]
 12995 | Lair:4   | HP: 48/59 [wyvern (11)]
 13000 | Lair:4   | HP: 34/59 [wyvern (3)]
 13006 | Lair:4   | HP: 32/59 [black mamba (4)]
 13020 | Lair:4   | HP: 28/59 [komodo dragon (9)]
 13025 | Lair:4   | HP: 25/59 [black mamba (2)]
 13030 | Lair:4   | HP: 23/59 [poisoned by a black mamba]
 13036 | Lair:4   | HP: 38/88 [poisoned by a black mamba]
 13041 | Lair:4   | HP: 42/88 [poisoned by a black mamba]
 13046 | Lair:4   | HP: 40/59 [poisoned by a black mamba]
 13051 | Lair:4   | HP: 46/59 [poisoned by a black mamba]
 13056 | Lair:4   | HP: 54/59 [poisoned by a black mamba]
 13062 | Lair:4   | HP: 58/59 [poisoned by a black mamba]
 13141 | Lair:4   | HP: 52/59 [black mamba (7)]
 13256 | Lair:4   | HP: 57/59 [elephant (2)]
 13273 | Lair:4   | HP: 56/59 [elephant (3)]
 13283 | Lair:4   | HP: 53/59 [elephant (1)]
 13289 | Lair:4   | HP: 54/59 [elephant (3)]
 13295 | Lair:4   | HP: 43/59 [elephant (9)]
 13302 | Lair:4   | HP: 46/59 [elephant (1)]
 13314 | Lair:4   | HP: 44/59 [elephant (4)]
 13320 | Lair:4   | HP: 40/59 [elephant (9)]
 13326 | Lair:4   | HP: 37/59 [elephant (4)]
 13374 | Lair:4   | Noticed Urug
 13379 | Lair:4   | HP: 49/59 [Urug/battleaxe of flaming (10)]
 13386 | Lair:4   | HP: 23/59 [Urug/battleaxe of flaming (15)]
 13391 | Lair:4   | HP: 26/88 [Urug/battleaxe of flaming (10)]
 13393 | Lair:4   | Killed Urug
 13454 | Lair:4   | HP: 43/59 [death yak[a torpor snail] (16)]
 13465 | Lair:4   | HP: 30/59 [death yak[a torpor snail] (8)]
 13479 | Lair:4   | HP: 46/59 [death yak[a torpor snail] (1)]
 13493 | Lair:4   | Reached XP level 14. HP: 63/63 MP: 23/23
 13498 | Lair:4   | HP: 90/94 [yak (4)]
 13504 | Lair:4   | HP: 84/94 [yak (3)]
 13512 | Lair:4   | HP: 60/63 [yak (3)]
 13518 | Lair:4   | HP: 58/63 [yak (5)]
 13523 | Lair:4   | HP: 61/63 [wolf (2)]
 13528 | Lair:4   | HP: 61/63 [wolf (2)]
 13536 | Lair:4   | HP: 57/63 [wolf (6)]
 13546 | Lair:4   | HP: 62/63 [wolf (1)]
 13557 | Lair:4   | HP: 59/63 [wolf (4)]
 13574 | Lair:4   | HP: 58/63 [wolf (5)]
 13582 | Lair:4   | HP: 61/63 [wolf (2)]
 13630 | Lair:4   | Reached skill level 17 in Stealth
 13667 | Lair:4   | HP: 62/63 [black mamba (1)]
 13681 | Lair:4   | HP: 57/63 [black mamba (5)]
 13719 | Lair:4   | Found a hole to the Spider Nest.
 13767 | Lair:4   | HP: 59/63 [torpor snail (4)]
 14013 | Lair:5   | HP: 62/63 [crocodile (1)]
 14031 | Lair:5   | Found a staircase to the Slime Pits.
 14034 | Lair:5   | HP: 57/63 [acid (6)]
 14039 | Lair:5   | HP: 33/63 [acid (2)]
 14154 | Lair:5   | HP: 54/63 [porcupine's spines (9)]
 14179 | Lair:5   | HP: 56/63 [freezing wraith (7)]
 14195 | Lair:5   | HP: 54/63 [yak (9)]
 14214 | Lair:5   | HP: 67/94 [yak (6)]
 14278 | Lair:5   | HP: 60/63 [yak (3)]
 14286 | Lair:5   | HP: 55/63 [yak (7)]
 14292 | Lair:5   | HP: 58/63 [yak (1)]
 14297 | Lair:5   | HP: 50/63 [water moccasin (4)]
 14302 | Lair:5   | HP: 43/63 [yak (7)]
 14358 | Lair:5   | HP: 57/63 [polar bear (6)]
 14465 | Lair:5   | HP: 58/63 [death yak (5)]
 14478 | Lair:5   | HP: 58/63 [death yak (5)]
 14494 | Lair:5   | HP: 53/63 [death yak (10)]
 14514 | Lair:5   | HP: 53/63 [death yak (2)]
 14522 | Lair:5   | HP: 50/63 [death yak (8)]
 14527 | Lair:5   | Reached ****** piety under Trog
 14531 | Lair:5   | HP: 38/63 [death yak (9)]
 14536 | Lair:5   | Received a gift from Trog
 14539 | Lair:5   | HP: 34/63 [porcupine (3)]
 14708 | Lair:5   | HP: 55/63 [yak (8)]
 14713 | Lair:5   | HP: 56/63 [polar bear (1)]
 14765 | Lair:5   | HP: 55/63 [polar bear (8)]
 14776 | Lair:5   | HP: 58/63 [acid (5)]
 14781 | Lair:5   | HP: 49/63 [acid (3)]
 15055 | Lair:5   | HP: 78/94 [ice statue/bolt of cold (16)]
 15082 | Lair:5   | Got a shimmering pewter ring
 15084 | Lair:5   | Identified the ring of Amarirem {rF+ rC++ Str+3 Int-2 Dex+3} (You found it on level 5 of the Lair of Beasts)
 15104 | Lair:6   | Entered Level 6 of the Lair of Beasts
 15212 | Lair:6   | HP: 56/63 [dream sheep (7)]
 15219 | Lair:6   | HP: 48/63 [yak (11)]
 15225 | Lair:6   | HP: 44/63 [yak (5)]
 15235 | Lair:6   | HP: 40/63 [yak (4)]
 15241 | Lair:6   | HP: 36/63 [yak (7)]
 15246 | Lair:6   | HP: 32/63 [yak (6)]
 15306 | Lair:6   | HP: 58/63 [eight-headed hydra (5)]
 15313 | Lair:6   | HP: 43/63 [eight-headed hydra (9)]
 15320 | Lair:6   | HP: 27/63 [blink frog (3)]
 15339 | Lair:6   | HP: 45/63 [water moccasin (2)]
 15345 | Lair:6   | HP: 42/63 [poisoned by a water moccasin]
 15351 | Lair:6   | HP: 45/63 [poisoned by a water moccasin]
 15356 | Lair:6   | HP: 50/63 [poisoned by a water moccasin]
 15363 | Lair:6   | HP: 58/63 [poisoned by a water moccasin]
 15370 | Lair:6   | HP: 60/63 [black mamba (3)]
 15376 | Lair:6   | HP: 62/63 [poisoned by a water moccasin]
 15402 | Lair:6   | HP: 57/63 [five-headed hydra (6)]
 15408 | Lair:6   | HP: 48/63 [five-headed hydra (6)]
 15512 | Lair:6   | HP: 55/63 [seven-headed hydra (8)]
 15522 | Lair:6   | HP: 43/63 [crocodile (7)]
 15931 | Lair:6   | HP: 47/63 [komodo dragon (16)]
 16093 | Lair:6   | HP: 60/63 [elephant (3)]
 16107 | Lair:6   | HP: 54/63 [elephant (9)]
 16120 | Lair:6   | HP: 55/63 [elephant (4)]
 16127 | Lair:6   | HP: 56/63 [elephant (2)]
 16134 | Lair:6   | HP: 57/63 [elephant (2)]
 16227 | Lair:6   | HP: 62/63 [anaconda (1)]
 16234 | Lair:6   | Reached skill level 18 in Stealth
 16239 | Lair:6   | Identified a scroll of acquirement
 16245 | Lair:6   | Noticed a dire elephant
 16247 | Lair:6   | Got faintly glowing shadow dragon scales
 16252 | Lair:6   | HP: 74/94 [dire elephant (20)]
 16258 | Lair:6   | HP: 75/94 [dire elephant (1)]
 16261 | Lair:6   | Killed a dire elephant
 16281 | Lair:6   | Identified the +0 shadow dragon scales of the Land of Plenty {rElec Dex+4 Slay-4 Stlth++++} (You acquired it on level 6 of the Lair of Beasts)
 16303 | Lair:6   | Noticed a dire elephant
 16303 | Lair:6   | Noticed a dire elephant
 16326 | Lair:6   | Noticed a dire elephant
 16327 | Lair:6   | HP: 56/63 [dire elephant (7)]
 16333 | Lair:6   | HP: 49/63 [dire elephant (12)]
 16334 | Lair:6   | HP: 22/63 [dire elephant (21)]
 16337 | Lair:6   | HP: 10/63 [dire elephant (13)]
 16339 | Lair:6   | Noticed a dire elephant
 16341 | Lair:6   | Noticed a dire elephant
 16343 | Lair:6   | HP: 15/63 [dire elephant (4)]
 16409 | Lair:6   | HP: 55/63 [dire elephant (8)]
 16414 | Lair:6   | Killed a dire elephant
 16416 | Lair:6   | Killed a dire elephant
 16418 | Lair:6   | HP: 56/63 [dire elephant (5)]
 16420 | Lair:6   | Killed a dire elephant
 16425 | Lair:6   | Killed a dire elephant
 16501 | Lair:6   | HP: 56/63 [dire elephant (7)]
 16508 | Lair:6   | HP: 39/63 [dire elephant (10)]
 16518 | Lair:6   | HP: 31/63 [dire elephant (13)]
 16520 | Lair:6   | Killed a dire elephant
 16898 | D:12     | HP: 62/63 [slime creature (1)]
 16904 | D:12     | HP: 55/63 [slime creature (5)]
 16905 | D:12     | Reached XP level 15. HP: 59/67 MP: 22/25
 16910 | D:12     | HP: 57/67 [slime creature (4)]
 16919 | D:12     | HP: 53/67 [slime creature (7)]
 16924 | D:12     | HP: 54/67 [orc/flail (1)]
 16968 | D:12     | Found a staircase to the Orcish Mines.
 16985 | D:12     | HP: 63/67 [orc/trident (4)]
 17114 | D:12     | HP: 61/68 [two-headed ogre/giant club (7)]
 17176 | D:12     | Received a gift from Trog
 17200 | D:13     | HP: 61/68 [centaur warrior (7)]
 17212 | D:13     | HP: 44/68 [orc wizard/dagger of electrocution (10)]
 17235 | D:13     | HP: 52/68 [hippogriff (2)]
 17368 | D:13     | HP: 67/68 [hound (1)]
 17493 | D:13     | You fall through a shaft!
 17535 | D:14     | HP: 66/69 [acid (3)]
 17550 | D:14     | Found a frozen archway.
 17555 | IceCv    | Entered an ice cave
 17592 | IceCv    | HP: 67/70 [ice devil (3)]
 17623 | IceCv    | HP: 69/70 [ice statue] (1)]
 17628 | IceCv    | HP: 57/70 [ice statue] (1)]
 17708 | IceCv    | Got a scorched rapier
 17709 | IceCv    | Identified the +6 rapier "Qotup" {pierce, rPois Int+4} (You found it in an ice cave)
 17752 | IceCv    | HP: 66/70 [ice devil (4)]
 17763 | IceCv    | HP: 49/70 [ice devil (5)]
 17976 | D:14     | HP: 67/70 [fire dragon/blast of flame (3)]
 17989 | D:14     | HP: 67/70 [fire dragon (3)]
 17996 | D:14     | HP: 62/70 [fire dragon (3)]
 18008 | D:14     | HP: 57/70 [centaur warrior (8)]
 18035 | D:14     | HP: 69/70 [wight/enchanted mace (1)]
 18100 | D:14     | Reached skill level 19 in Stealth
 18101 | D:14     | HP: 69/70 [hornet zombie (1)]
 18131 | D:14     | HP: 64/70 [yak (6)]
 18143 | D:14     | Received a gift from Trog
 18143 | D:14     | HP: 66/70 [efreet/bolt of fire (3)]
 18303 | D:14     | HP: 68/70 [eight-headed hydra (2)]
 18323 | D:14     | HP: 64/70 [yak (1)]
 18340 | D:14     | HP: 66/70 [yak (2)]
 18421 | D:14     | HP: 69/70 [big kobold (1)]
 18429 | D:14     | HP: 68/70 [troll (2)]
 18527 | D:14     | HP: 58/70 [orc knight/halberd (12)]
 18535 | D:14     | HP: 56/70 [human (3)]
 18541 | D:14     | HP: 44/70 [human (4)]
 18546 | D:14     | HP: 27/70 [redback (7)]
 18555 | D:14     | HP: 38/70 [orc knight/halberd (2)]
 18565 | D:14     | HP: 51/70 [human (5)]
 18588 | D:14     | HP: 58/70 [slime creature (6)]
 18598 | D:14     | HP: 59/70 [centaur warrior (6)]
 18607 | D:14     | HP: 63/70 [purple ugly thing (2)]
 18613 | D:14     | HP: 42/71 [orc knight/halberd (16)]
 18630 | D:14     | HP: 53/71 [orc knight/halberd (3)]
 18637 | D:14     | HP: 55/71 [slime creature (3)]
 18672 | D:14     | HP: 67/71 [human (4)]
 18702 | D:14     | HP: 70/71 [human (1)]
 18717 | D:14     | Reached skill level 5 in Fighting
 18725 | D:14     | HP: 71/72 [human (1)]
 18745 | D:14     | Found a gate to the Vaults.
 18972 | D:15     | Entered Level 15 of the Dungeon
 18972 | D:15     | Found a radiant altar of Vehumet.
 18987 | D:15     | HP: 71/72 [freezing wraith[a death knight] (1)]
 19016 | D:15     | HP: 69/72 [mirror damage (3)]
 19021 | D:15     | HP: 41/72 [mirror damage (4)]
 19028 | D:15     | HP: 25/72 [??? (12)]
 19101 | D:15     | HP: 68/72 [centaur warrior/arrow (4)]
 19165 | D:15     | Received a gift from Trog
 19166 | D:15     | HP: 64/72 [acid dragon/splash of acid (8)]
 19196 | D:15     | HP: 65/72 [centaur warrior/arrow (7)]
 19218 | D:15     | Found a staircase to the Depths.
 19220 | D:15     | HP: 64/72 [yaktaur/bolt (8)]
 19280 | D:15     | Found Caakeikh's Distillery.
 19348 | D:15     | Found Meotarosi's Antique Armour Shop.
 19356 | D:15     | Bought a pair of runed boots for 217 gold pieces
 19366 | D:15     | Identified a +0 pair of boots of running (You bought it in a shop on level 15 of the Dungeon)
 19394 | D:15     | Got a faintly glowing rapier
 19395 | D:15     | Identified the +5 rapier of Kaho Punk {antimagic, *Noise rC+++ rN+ Dex+5} (You found it on level 15 of the Dungeon)
 19523 | D:15     | Found a deep blue altar of Sif Muna.
 19660 | D:15     | Reached XP level 16. HP: 77/77 MP: 26/26
 19695 | D:15     | HP: 68/77 [seven-headed hydra (9)]
 19896 | Orc:1    | Entered Level 1 of the Orcish Mines
 19896 | Orc:1    | Found a roughly hewn altar of Beogh.
 19903 | Orc:1    | HP: 74/77 [orc/trident (3)]
 19912 | Orc:1    | HP: 76/77 [orc/hand axe (1)]
 19995 | Orc:1    | HP: 76/77 [orc warrior/tomahawk (1)]
 20001 | Orc:1    | HP: 71/77 [orc priest/divine providence (6)]
 20040 | Orc:1    | HP: 71/77 [orc warrior/dire flail (6)]
 20062 | Orc:1    | HP: 66/77 [orc warrior/halberd[an orc warlord] (11)]
 20070 | Orc:1    | HP: 55/77 [orc priest/divine providence[an orc warlord] (10)]
 20076 | Orc:1    | HP: 45/77 [orc warlord/great mace (11)]
 20084 | Orc:1    | HP: 41/77 [orc priest/divine providence[an orc warlord] (11)]
 20094 | Orc:1    | HP: 48/77 [orc warrior/halberd[an orc warlord] (4)]
 20113 | Orc:1    | HP: 53/77 [orc warrior/glaive[an orc warlord] (18)]
 20123 | Orc:1    | HP: 37/77 [orc warlord/enchanted great mace (13)]
 20264 | Orc:1    | HP: 74/77 [orc warrior/glaive[an orc knight] (3)]
 20269 | Orc:1    | HP: 74/77 [orc sorcerer/dagger[an orc knight] (2)]
 20430 | Orc:2    | Entered Level 2 of the Orcish Mines
 20476 | Orc:2    | Found a staircase to the Elven Halls.
 20574 | Orc:2    | Found Weteppew's Gadget Boutique.
 20574 | Orc:2    | Found Elestring's Weapon Emporium.
 20574 | Orc:2    | Found Muanlik's Assorted Antiques.
 20574 | Orc:2    | Found Emid's Weapon Shop.
 20577 | Orc:2    | Reached skill level 20 in Stealth
 20584 | Orc:2    | HP: 70/77 [ogre/giant club (7)]
 20590 | Orc:2    | HP: 54/77 [ogre/giant club (6)]
 20601 | Orc:2    | HP: 58/77 [ogre/giant club (4)]
 20607 | Orc:2    | HP: 58/77 [something (7)]
 20613 | Orc:2    | HP: 66/77 [two-headed ogre/giant spiked club (3)]
 20626 | Orc:2    | HP: 59/77 [two-headed ogre/giant spiked club (5)]
 20634 | Orc:2    | HP: 52/77 [something (1)]
 20640 | Orc:2    | HP: 54/77 [something (6)]
 20648 | Orc:2    | Reached skill level 5 in Armour
 20648 | Orc:2    | Reached skill level 5 in Dodging
 20653 | Orc:2    | HP: 64/77 [two-headed ogre/dire flail (1)]
 20699 | Orc:2    | Received a gift from Trog
 20703 | Orc:2    | HP: 75/77 [ogre/giant club (2)]
 20727 | Orc:2    | HP: 72/77 [ogre/giant club (5)]
 20738 | Orc:2    | HP: 76/77 [two-headed ogre/giant club (1)]
 20744 | Orc:2    | HP: 71/78 [two-headed ogre/giant spiked club (7)]
 20873 | Orc:2    | Bought a scroll of identify for 60 gold pieces
 21092 | Orc:2    | HP: 66/79 [orc knight/long sword (13)]
 21098 | Orc:2    | HP: 55/79 [orc knight/great sword (5)]
 21136 | Orc:2    | HP: 56/79 [orc knight/great sword (6)]
 21150 | Orc:2    | HP: 49/79 [orc knight/battleaxe (2)]
 21155 | Orc:2    | HP: 51/79 [gnoll sergeant/trident (1)]
 21852 | D:7      | Bought the +9 short sword "Bidoa" {venom, rC+ rN+++ MR+} for 1248 gold pieces
 22037 | Depths:1 | Entered Level 1 of the Depths
 22060 | Depths:1 | HP: 76/79 [rakshasa (illusionary)/trident (3)]
 22067 | Depths:1 | HP: 71/79 [rakshasa/trident (8)]
 22132 | Depths:1 | HP: 62/79 [ettin/dire flail (17)]
 22207 | Depths:1 | HP: 67/79 [fire dragon (12)]
 22368 | Depths:1 | HP: 78/79 [deep troll (1)]
 22377 | Depths:1 | HP: 74/79 [deep troll (5)]
 22383 | Depths:1 | HP: 64/79 [deep troll (3)]
 22389 | Depths:1 | HP: 38/79 [deep troll (11)]
 22410 | Depths:1 | HP: 48/79 [deep troll (14)]
 22421 | Depths:1 | HP: 37/79 [deep troll (13)]
 22491 | Depths:1 | HP: 71/79 [deep troll (8)]
 22533 | Depths:1 | Got a warped iron ring
 22544 | Depths:1 | Identified the ring of the Sky {rPois rC- MR+ Dex+5 Stlth+} (You found it on level 1 of the Depths)
 22699 | Depths:1 | HP: 76/79 [centaur warrior/arrow (3)]
 22705 | Depths:1 | HP: 52/79 [centaur[a centaur warrior] (3)]
 22711 | Depths:1 | HP: 55/80 [centaur[a centaur warrior] (2)]
 22726 | Depths:1 | HP: 76/80 [centaur[a centaur warrior] (2)]
 22759 | Depths:1 | Found a gateway to Hell.
 22776 | Depths:1 | HP: 65/80 [stone giant (15)]
 22788 | Depths:1 | Received a gift from Trog
 22788 | Depths:1 | Reached skill level 21 in Stealth
 22815 | Depths:1 | HP: 77/80 [fire dragon (3)]
 22822 | Depths:1 | HP: 63/80 [fire dragon/blast of flame (6)]
 22852 | Depths:1 | HP: 68/80 [stone giant/large rock (12)]
 22855 | Depths:1 | HP: 10/80 [stone giant/large rock (27)]
 22935 | Depths:1 | Found Puhevvas's Jewellery Boutique.
 22935 | Depths:1 | Found Ythastris's Gadget Emporium.
 22936 | Depths:1 | Found Ruc Niob's Jewellery Boutique.
 22941 | Depths:1 | Bought a cursed ring of loudness for 85 gold pieces
 23032 | Depths:1 | Found a one-way gate to the infinite horrors of the Abyss.
 23129 | Depths:2 | HP: 112/120 [deep troll (8)]
 23134 | Depths:2 | HP: 112/120 [deep troll earth mage (1)]
 23145 | Depths:2 | Reached XP level 17. HP: 84/84 MP: 28/28
 23304 | Depths:2 | HP: 123/126 [spriggan berserker/hand axe (3)]
 23486 | Depths:2 | HP: 81/84 [two-headed ogre/giant club (3)]
 23503 | Depths:2 | HP: 80/84 [two-headed ogre/giant club (4)]
 23575 | Depths:2 | HP: 75/84 [spriggan air mage[a boggart] (9)]
 23585 | Depths:2 | HP: 76/84 [ice dragon/blast of cold (3)]
 23642 | Depths:2 | HP: 74/84 [green very ugly thing (10)]
 23654 | Depths:2 | HP: 79/84 [ice dragon/blast of cold (1)]
 23661 | Depths:2 | HP: 77/84 [ice dragon (5)]
 23668 | Depths:2 | HP: 75/84 [ice dragon (4)]
 23677 | Depths:2 | HP: 73/84 [red ugly thing (8)]
 23687 | Depths:2 | HP: 73/85 [fire giant/great sword of flaming (5)]
 23699 | Depths:2 | HP: 68/85 [fire dragon (2)]
 23706 | Depths:2 | HP: 60/85 [fire dragon (9)]
 23760 | Depths:2 | HP: 70/85 [stone giant (15)]
 23768 | Depths:2 | HP: 70/85 [stone giant (5)]
 23785 | Depths:2 | HP: 83/85 [something (2)]
 23791 | Depths:2 | HP: 83/85 [something (2)]
 23816 | Depths:2 | HP: 80/85 [deep troll earth mage (5)]
 23823 | Depths:2 | HP: 77/85 [deep troll earth mage (3)]
 23833 | Depths:2 | HP: 75/85 [deep troll (9)]
 23838 | Depths:2 | HP: 72/85 [deep troll (4)]
 23851 | Depths:2 | HP: 66/85 [great orb of eyes (9)]
 23892 | Depths:2 | HP: 77/85 [deep troll (8)]
 23932 | Depths:2 | HP: 78/85 [two-headed ogre/giant club (7)]
 23937 | Depths:2 | Received a gift from Trog
 23938 | Depths:2 | HP: 80/85 [ogre mage/spear (2)]
 23954 | Depths:2 | HP: 69/85 [two-headed ogre/giant club (16)]
 23961 | Depths:2 | HP: 71/85 [yaktaur/bolt (4)]
 23972 | Depths:2 | Noticed Jorgrun
 23992 | Depths:2 | HP: 75/85 [Jorgrun/long sword of protection (10)]
 23993 | Depths:2 | Killed Jorgrun
 24003 | Depths:2 | HP: 73/85 [yaktaur (11)]
 24100 | Depths:2 | HP: 73/85 [fire giant/great sword of flaming (12)]
 24106 | Depths:2 | Reached skill level 22 in Stealth
 24127 | Depths:2 | HP: 77/86 [frost giant/battleaxe of freezing (9)]
 24173 | Depths:2 | Noticed a tentacled monstrosity
 24180 | Depths:2 | HP: 81/86 [tentacled monstrosity (5)]
 24186 | Depths:2 | Killed a tentacled monstrosity
 24230 | Depths:2 | Got a scorched scale mail
 24241 | Depths:2 | Identified the +1 scale mail of the Voivode {rCorr MP+9 SInv} (You found it on level 2 of the Depths)
 24288 | Depths:2 | HP: 80/86 [rakshasa (illusionary)/long sword (6)]
 24297 | Depths:2 | HP: 79/86 [rakshasa/long sword (6)]
 24328 | Depths:2 | HP: 68/86 [deep troll earth mage/blast of rock fragments (18)]
 24334 | Depths:2 | HP: 70/86 [deep troll shaman (1)]
 24345 | Depths:2 | HP: 63/86 [deep troll (1)]
 24351 | Depths:2 | HP: 28/86 [yaktaur captain/bolt (25)]
 24359 | Depths:2 | HP: 13/86 [yaktaur captain (7)]
 24369 | Depths:2 | HP: 9/86 [rakshasa/orb of energy (12)]
 24380 | Depths:2 | HP: 14/86 [rakshasa/orb of energy (9)]
 24455 | Depths:2 | HP: 79/86 [rakshasa/whip of draining (7)]
 24462 | Depths:2 | HP: 68/86 [rakshasa/orb of energy (14)]
 24478 | Depths:2 | HP: 72/86 [rakshasa (illusionary)/whip of draining (3)]
 24531 | Depths:2 | Noticed a lich
 24534 | Depths:2 | HP: 84/86 [lich (2)]
 24537 | Depths:2 | Killed a lich
 24539 | Depths:2 | HP: 78/86 [yaktaur captain (8)]
 24568 | Depths:2 | HP: 85/86 [purple ugly thing (1)]
 24579 | Depths:2 | HP: 70/86 [purple very ugly thing (16)]
 24611 | Depths:2 | HP: 84/86 [purple ugly thing (2)]
 24625 | Depths:2 | HP: 84/86 [purple very ugly thing (2)]
 24647 | Depths:2 | HP: 84/86 [purple very ugly thing (2)]
 24654 | Depths:2 | Reached XP level 18. HP: 91/91 MP: 29/29
 24659 | Depths:2 | HP: 82/91 [stone giant/large rock (9)]
 24665 | Depths:2 | HP: 70/91 [stone giant (17)]
 24917 | Depths:2 | HP: 84/91 [hell hog/fireball (7)]
 24934 | Depths:2 | HP: 79/91 [hell hog/fireball (12)]
 24957 | Depths:2 | HP: 90/91 [slime creature (1)]
 24976 | Depths:2 | HP: 83/91 [hell hog/fireball (8)]
 24991 | Depths:2 | HP: 86/91 [red very ugly thing (5)]
 24997 | Depths:2 | HP: 52/91 [fire giant/great sword of flaming (16)]
 25003 | Depths:2 | HP: 48/91 [red ugly thing (6)]
 25013 | Depths:2 | HP: 49/91 [red very ugly thing (4)]
 25020 | Depths:2 | HP: 53/91 [red very ugly thing (1)]
 25025 | Depths:2 | HP: 58/92 [very large slime creature (1)]
 25032 | Depths:2 | HP: 31/92 [very large slime creature (31)]
 25099 | Depths:2 | HP: 82/92 [purple ugly thing (10)]
 25107 | Depths:2 | HP: 78/92 [purple ugly thing (7)]
 25145 | Depths:2 | HP: 85/92 [purple ugly thing (7)]
 25153 | Depths:2 | HP: 79/92 [hell hog/fireball (10)]
 25189 | Depths:2 | HP: 89/92 [hell hound/blast of flame (3)]
 25194 | Depths:2 | HP: 85/92 [hell hound (6)]
 25236 | Depths:2 | Found a corrupted altar of Lugonu.
 25407 | Depths:3 | HP: 91/92 [yaktaur captain (1)]
 25424 | Depths:3 | HP: 82/92 [yaktaur[a yaktaur captain] (10)]
 25425 | Depths:3 | Received a gift from Trog
 25431 | Depths:3 | HP: 80/92 [two-headed ogre/giant club (4)]
 25481 | Depths:3 | HP: 88/92 [torturous demonspawn's spines (4)]
 25505 | Depths:3 | Found a one-way gate leading to the halls of Pandemonium.
 25618 | Depths:3 | HP: 88/92 [slime creature (4)]
 25624 | Depths:3 | HP: 88/92 [slime creature (3)]
 25625 | Depths:3 | Reached skill level 5 in Shields
 25630 | Depths:3 | HP: 64/92 [stone giant/large rock (8)]
 25636 | Depths:3 | HP: 26/92 [stone giant (19)]
 25815 | Depths:3 | Noticed a juggernaut
 25886 | Depths:3 | Found a transporter.
 25909 | Depths:3 | HP: 89/92 [spark wasp zombie[a necromancer] (3)]
 25914 | Depths:3 | HP: 82/92 [spark wasp zombie[a necromancer] (9)]
 25922 | Depths:3 | HP: 66/92 [vampire knight/glaive (17)]
 25986 | Depths:3 | Found a transporter.
 26003 | Depths:3 | Found a runed door.
 26007 | Depths:3 | HP: 91/93 [deep troll (2)]
 26012 | Depths:3 | Noticed a titan
 26034 | Depths:3 | HP: 80/93 [iron troll (13)]
 26158 | Depths:3 | Found a bloodstained altar of Trog.
 26159 | Depths:3 | Found the cursed necklace of Bloodlust {*Rage +Rage MR++ Int-3 Slay+6 *Curse}
 26183 | Depths:3 | HP: 90/93 [deep troll (3)]
 26189 | Depths:3 | HP: 47/93 [spriggan berserker/war axe (16)]
 26195 | Depths:3 | HP: 43/93 [deep troll (6)]
 26264 | Depths:3 | HP: 58/93 [juggernaut (35)]
 26273 | Depths:3 | HP: 39/93 [juggernaut (23)]
 26286 | Depths:3 | HP: 30/93 [juggernaut (4)]
 26288 | Depths:3 | Killed a juggernaut
 26338 | Depths:3 | HP: 55/93 [stone giant (23)]
 26354 | Depths:3 | HP: 55/93 [stone giant (11)]
 26415 | Depths:3 | HP: 84/93 [deep troll earth mage/blast of rock fragments (9)]
 26421 | Depths:3 | HP: 86/93 [deep troll earth mage (7)]
 26428 | Depths:3 | HP: 88/93 [deep troll earth mage (3)]
 26436 | Depths:3 | HP: 88/93 [red very ugly thing[a boggart] (5)]
 26437 | Depths:3 | Received a gift from Trog
 26442 | Depths:3 | HP: 71/93 [red very ugly thing[a boggart] (22)]
 26447 | Depths:3 | HP: 49/93 [burnt (3)]
 26455 | Depths:3 | Upgraded the game from 0.21.1-1-g345015fe64 to 0.21.1-72-gffa868e0fe
 26455 | Depths:3 | Upgraded the game from 0.21.1-72-gffa868e0fe to 0.21.1-74-g47da9253eb
 26592 | Depths:3 | Noticed a lich
 26602 | Depths:3 | Killed a lich
 26602 | Depths:3 | Reached skill level 23 in Stealth
 26611 | Depths:3 | Noticed Boris
 26643 | Depths:3 | HP: 90/93 [fire dragon (3)]
 26648 | Depths:3 | HP: 70/93 [fire dragon/blast of flame (13)]
 26655 | Depths:3 | HP: 61/93 [fire dragon/blast of flame (18)]
 26656 | Depths:3 | HP: 30/93 [disintegration (31)]
 26657 | Depths:3 | HP: 6/93 [Boris/iron shot (19)]
 26659 | Depths:2 | HP: 1/139 [Boris (2)]
 26659 | Depths:2 | Slain by Boris

Skill      XL: |  1  2  3  4  5  6  7  8  9 10 11 12 13 14 15 16 17 18 |
---------------+-------------------------------------------------------+-----
Short Blades   | 3 4 5 6 8 9 10 11 12 13 14 | 14.4
Stealth        | 1 2 3 5 6 9 10 12 13 15 16 18 19 21 22 23 | 23.0
Shields        | 3 4 5 |  5.9
Evocations     | 3 5 7 9 10 12 13 14 | 14.7
Fighting       | 5 7 8 9 |  9.9
Armour         | 4 6 7 8 |  8.8
Dodging        | 4 6 7 8 |  8.7

Action                   |  1- 3 |  4- 6 |  7- 9 | 10-12 | 13-15 | 16-18 || total
-------------------------+-------+-------+-------+-------+-------+-------++-------
Melee: Short sword       |   106 |       |   297 |   781 |   686 |       ||  1870
       Bite              |    26 |    44 |   114 |   277 |   911 |  1077 ||  2449
       Dagger            |       |   155 |    29 |       |       |       ||   184
       Quick blade       |       |       |       |       |  1142 |  1752 ||  2894
Invok: Berserk           |       |     3 |     4 |     7 |     7 |     4 ||    25
       Trog's Hand       |       |       |     2 |     9 |     4 |    14 ||    29
       Burn Spellbooks   |       |       |     1 |     3 |     6 |     1 ||    11
       Brothers in Arms  |       |       |       |       |     1 |     1 ||     2
 Abil: Evoke Flight      |       |       |       |       |     1 |       ||     1
Evoke: Wand              |       |       |     2 |     1 |    10 |    11 ||    24
       Sack of spiders   |       |       |       |       |     1 |       ||     1
       Lightning rod     |       |       |       |       |       |     4 ||     4
  Use: Scroll            |       |       |     9 |     6 |    16 |     4 ||    35
       Potion            |       |       |       |       |       |    10 ||    10
 Stab: Sleeping          |     2 |     1 |    18 |    31 |    23 |    25 ||   100
       Distracted        |       |     1 |     1 |     1 |     3 |     5 ||    11
       Confused          |       |       |       |     1 |       |       ||     1
       Fleeing           |       |       |       |       |     1 |       ||     1
       Paralysed         |       |       |       |       |       |     3 ||     3
  Eat: Chunk             |     2 |     7 |    11 |    26 |    30 |    25 ||   101
       Ration            |       |       |     1 |     2 |     1 |     2 ||     6
Armor: Animal skin       |    17 |    17 |       |       |       |       ||    34
       Leather armour    |       |    12 |    63 |   112 |       |       ||   187
       Scale mail        |       |       |       |    71 |   462 |   241 ||   774
Dodge: Dodged            |    64 |    90 |   110 |   277 |   421 |   388 ||  1350
Block: Buckler           |       |       |    32 |   124 |   203 |   135 ||   494
